Map: Ruins of Endion

Players

blackxored - Winner!

  • Race: Zerg Zerg
  • League: Platinum

Keyser

  • Race: Terran Terran
  • League: Platinum

VOD

Have the link to the VOD?

Description

Time

  • Played on: June 26, 2016, 2:52 p.m.
  • Length: 10:35
Show
View Real Time Build Order
Export as new Build Order

blackxored Zerg - Winner!

Build Orders: Hatch First 

Get SALT Encoding   

  12  0:02  Drone  
  13  0:11  Drone  
  14  0:17  Overlord  
  14  0:26  Extractor  
  14  0:27  Drone  
  15  0:37  Drone  
  15  0:38  Drone  
  17  0:55  Hatchery  
  16  0:58  Drone  
  16  1:00  Drone  
  18  1:13  Extractor  
  18  1:15  Spawning Pool  
  18  1:17  Drone  
  17  1:20  Drone  
  18  1:28  Drone  
  19  1:38  Overlord  
  19  1:51  Drone  
  20  2:04  Zergling x2  
  20  2:05  Queen  
  20  2:07  Queen  
  20  2:08  Zergling x2  
  26  2:12  Zergling x2  
  27  2:18  Metabolic Boost  
  27  2:40  Hatchery  
  24  2:54  Zergling x8  
  24  2:55  Zergling x2  
  24  2:58  Overlord  
  29  3:07  Queen  
  29  3:11  Pneumatized Carapace  
  31  3:16  Drone x2  
  33  3:22  Drone x3  
  36  3:38  Drone x3  
  36  3:39  Drone x2  
  40  3:49  Queen  
  40  3:53  Queen  
  44  4:12  Queen  
  44  4:13  Zergling x2  
  44  4:14  Zergling x4  
  44  4:16  Overlord x2  
  49  4:22  Spore Crawler x2  
  47  4:27  Spore Crawler  
  46  4:38  Lair  
  46  4:39  Drone, Spore Crawler  
  46  4:42  Drone x2  
  47  5:11  Zergling x22  
  47  5:13  Spine Crawler  
  55  5:26  Drone x5  
  55  5:27  Baneling Nest  
  59  5:39  Drone x5  
  64  5:44  Overseer  
  64  5:56  Drone  
  65  5:58  Overlord x2  
  60  6:13  Zergling x4  
  60  6:14  Zergling x6  
  49  6:46  Zergling x18  
  56  6:53  Queen x3  
  60  7:10  Drone x6  
  60  7:11  Extractor  
  60  7:13  Extractor  
  64  7:16  Extractor  
  64  7:20  Evolution Chamber  
  64  7:22  Evolution Chamber  
  61  7:28  Queen x2  
  65  7:32  Drone  
  65  7:33  Spire  
  65  7:34  Drone  
  66  7:38  Overseer  
  66  7:41  Overlord  
  66  7:42  Overlord x3  
  66  7:44  Baneling x8, Hatchery  
  66  7:48  Baneling  
  66  7:49  Baneling x5  
  65  8:12  Zergling x2  
  56  8:13  Zergling x22  
  66  8:23  Zerg Ground Armor Level 1  
  66  8:26  Drone x2  
  68  8:27  Drone x2  
  68  8:28  Drone  
  68  8:30  Drone x2  
  66  8:49  Mutalisk x2  
  66  8:55  Baneling x2  
  70  9:10  Zergling x2  
  70  9:11  Zergling x28  
  85  9:19  Drone x4  
  89  9:35  Drone  
  90  9:38  Mutalisk  
  92  9:57  Mutalisk x2  
  92  9:58  Mutalisk  
Show
View Real Time Build Order
Export as new Build Order

Keyser Terran 

Build Orders: Hellion Banshee 

Get SALT Encoding   

  12  0:00  SCV  
  13  0:13  SCV  
  14  0:18  Supply Depot  
  14  0:25  SCV  
  15  0:39  SCV  
  15  0:41  Barracks  
  16  0:48  Refinery  
  16  0:51  SCV  
  17  0:57  Supply Depot  
  17  1:03  SCV  
  18  1:16  SCV  
  19  1:25  Refinery  
  19  1:29  Orbital Command  
  19  1:31  Reaper  
  20  1:56  SCV  
  21  2:02  Command Center  
  21  2:11  Barracks Reactor  
  21  2:15  Factory  
  21  2:18  SCV  
  22  2:30  SCV  
  23  2:42  SCV  
  24  3:01  Starport  
  24  3:05  Barracks Reactor  
  24  3:07  SCV  
  25  3:13  Bunker  
  25  3:15  Hellion x2  
  25  3:19  SCV  
  30  3:32  SCV  
  31  3:38  Starport Tech Lab  
  31  3:39  Hellion x2  
  31  3:41  Orbital Command  
  35  3:44  SCV  
  35  3:47  Marine x2  
  38  3:51  Armory  
  38  3:57  Supply Depot  
  38  3:59  Supply Depot  
  38  4:02  Banshee  
  41  4:05  Cloaking Field  
  41  4:08  Hellion  
  43  4:15  SCV x2  
  45  4:21  Marine x2  
  47  4:27  SCV x2  
  48  4:34  Supply Depot, Hellion  
  48  4:36  Supply Depot  
  50  4:39  Marine  
  50  4:40  Marine  
  52  4:48  SCV x2  
  52  4:49  Banshee  
  57  5:00  Supply Depot, SCV x2  
  57  5:05  Hellion  
  61  5:12  SCV  
  62  5:21  Marine  
  63  5:29  Barracks x2  
  63  5:32  Barracks  
  63  5:38  Barracks, SCV  
  63  5:39  SCV  
  63  5:42  Starport Reactor  
  65  5:43  Barracks  
  65  5:44  Supply Depot  
  65  5:47  Supply Depot  
  65  5:50  SCV  
  65  5:51  Marine x2  
  68  5:59  Supply Depot  
  68  6:02  Supply Depot  
  68  6:09  Marine  
  68  6:10  Marine  
  70  6:26  Marine  
  70  6:28  Marine  
  62  6:44  Marine  
  62  6:45  Marine x5  
  62  6:46  Marine  
  63  6:51  Medivac x2  
  66  7:00  Supply Depot  
  65  7:01  Supply Depot, Widow Mine x2  
  65  7:02  Marine x2  
  65  7:03  Marine x5  
  75  7:20  Marine x3  
  75  7:21  Marine x4, Medivac x2  
  86  7:29  Refinery  
  86  7:30  Refinery, Widow Mine  
  88  7:42  Command Center  
  88  7:45  Marine x3  
  88  7:46  Marine, Marauder  
  88  7:51  Medivac x2  
  75  8:16  Marine x4  
  75  8:17  Marine x3  
  78  8:21  Medivac  
  80  8:34  Marine x2  
  78  8:44  Marine x3, Marauder  
  78  8:46  Marine  
  74  8:52  Marine x2  
  76  9:01  Marine  
  79  9:05  Marine  
  77  9:18  Barracks Tech Lab x3  
  74  9:28  Factory  
  74  9:33  Barracks Tech Lab  
  74  9:44  Marine x3  
  74  9:45  Marine, Marauder, Widow Mine x2  
  78  9:47  Command Center  
Tags
 
Add a new tag
Caveats
  • Supply blocks, unpowered buildings, or Contaminate may cause inaccurate times.
  • Supply counts are checked every 10 seconds.